Map: Frostline LE

Players

silent

  • Race: Protoss Protoss
  • League: Silver
  • Spawn Location: 1:00

WeAreLegion - Winner!

  • Race: Terran Terran
  • League: Silver
  • Spawn Location: 7:00

VOD

Have the link to the VOD?

Description

Time

  • Played on: Dec. 1, 2024, 12:08 p.m.
  • Length: 13:49
Show
View Real Time Build Order
Export as new Build Order

silent Protoss 

Build Orders:  

Get SALT Encoding   

  12  0:03  Probe  
  13  0:20  Pylon  
  13  0:23  Probe  
  14  0:35  Probe  
  15  0:43  Gateway  
  15  0:47  Probe  
  16  0:54  Assimilator  
  16  0:59  Probe  
  16  1:02  Forge  
  17  1:11  Probe  
  17  1:15  Gateway  
  18  1:23  Probe  
  18  1:25  Assimilator  
  19  1:35  Cybernetics Core  
  19  1:42  Photon Cannon  
  19  1:54  Pylon  
  19  2:29  Adept x2  
  23  2:36  Probe  
  24  2:48  Probe  
  24  2:49  Nexus  
  25  3:00  Probe  
  26  3:08  Robotics Facility, Adept x2  
  30  3:19  Pylon  
  30  3:26  Assimilator  
  30  3:28  Assimilator  
  30  3:38  Zealot x2  
  30  3:40  Warp Gate  
  34  3:46  Protoss Ground Weapons Level 1  
  34  3:50  Gateway  
  38  4:10  Immortal  
  38  4:15  Adept  
  40  4:26  Adept  
  42  4:31  Probe x2  
  44  4:43  Probe x2  
  46  4:58  Stalker  
  46  4:59  Pylon  
  46  5:00  Stalker  
  46  5:02  Shield Battery  
  46  5:04  Sentry  
  52  5:12  Observer  
  53  5:24  Stalker  
  55  5:28  Zealot  
  55  5:30  Zealot  
  59  5:37  Pylon  
  59  5:43  Photon Cannon  
  56  6:13  Probe x2  
  58  6:25  Probe x2  
  60  6:33  Stalker  
  60  6:34  Stalker  
  60  6:35  Stalker  
  60  6:37  Probe x2  
  60  6:38  Observer  
  69  6:49  Probe  
  70  6:59  Probe  
  67  7:01  Probe  
  54  7:11  Probe  
  54  7:13  Probe  
  46  7:23  Probe  
  46  7:25  Probe  
  48  7:35  Probe  
  48  7:55  Immortal  
  42  8:02  Stalker  
  42  8:03  Stalker x2  
  48  8:20  Gateway  
  48  8:21  Gateway  
  48  8:23  Gateway  
  48  8:25  Robotics Facility  
  48  8:28  Pylon  
  48  8:32  Pylon  
  48  8:34  Immortal  
  48  8:35  Pylon  
  52  8:43  Photon Cannon  
  52  8:46  Photon Cannon  
  52  9:07  Zealot x3  
  54  9:31  Immortal x2  
  58  9:51  Sentry  
  58  9:52  Sentry x2  
  64  9:55  Adept x3  
  70  10:03  Stargate  
  70  10:10  Immortal x2  
  78  10:21  Photon Cannon  
  78  10:27  Photon Cannon  
  73  10:38  Photon Cannon  
  67  10:52  Stalker x4  
  75  11:03  Photon Cannon  
  75  11:04  Probe x2  
  77  11:33  Phoenix  
  77  11:36  Twilight Council  
  78  12:14  Templar Archives  
  78  12:25  Stalker x3  
  78  12:26  Stalker  
  86  12:31  Sentry  
  86  12:32  Sentry  
  90  12:41  Phoenix  
  92  12:57  High Templar  
Show
View Real Time Build Order
Export as new Build Order

WeAreLegion Terran - Winner!

Build Orders: Reaper Expand 

Get SALT Encoding   

  12  0:00  SCV  
  13  0:12  SCV  
  14  0:19  Supply Depot  
  14  0:35  SCV  
  15  0:43  Barracks  
  15  0:46  Refinery  
  15  0:48  SCV  
  16  1:00  SCV  
  17  1:12  SCV  
  18  1:24  SCV  
  19  1:32  Reaper  
  19  1:36  Orbital Command  
  20  1:45  Command Center  
  20  1:55  Supply Depot  
  20  2:01  SCV  
  21  2:13  SCV  
  22  2:17  Factory  
  22  2:21  Marine  
  23  2:25  SCV  
  24  2:41  Bunker  
  24  2:42  SCV  
  25  2:47  Marine  
  26  2:54  SCV  
  28  2:58  SCV  
  28  3:04  Starport  
  28  3:05  Marine, Refinery  
  29  3:06  Factory Tech Lab  
  29  3:11  Orbital Command  
  30  3:12  SCV  
  30  3:23  Marine  
  30  3:25  SCV  
  32  3:34  Siege Tank  
  32  3:37  SCV  
  32  3:41  SCV, Marine  
  38  3:49  SCV  
  38  3:53  Supply Depot, SCV  
  40  3:56  Medivac  
  40  3:58  Marine  
  40  4:01  SCV  
  44  4:05  SCV, Barracks  
  45  4:11  Barracks  
  45  4:16  Marine  
  46  4:19  SCV x2  
  46  4:22  Siege Tank  
  51  4:28  Engineering Bay  
  51  4:31  SCV x2  
  53  4:34  Marine  
  54  4:41  Supply Depot  
  54  4:43  Supply Depot  
  54  4:46  SCV x2, Viking  
  54  4:52  Marine  
  59  4:58  SCV x2  
  61  5:08  Missile Turret  
  61  5:10  Marine  
  62  5:16  Viking  
  62  5:17  SCV x2, Missile Turret  
  62  5:19  Missile Turret  
  66  5:21  Supply Depot  
  66  5:23  Supply Depot  
  66  5:24  Barracks Tech Lab  
  66  5:25  Barracks Tech Lab  
  66  5:27  Marine  
  67  5:29  SCV, Widow Mine  
  70  5:45  Supply Depot, Marine  
  70  5:46  Medivac  
  70  5:47  Supply Depot  
  73  5:51  Widow Mine  
  68  6:06  Marine x3  
  68  6:12  Widow Mine  
  68  6:16  Medivac  
  72  6:20  Terran Infantry Weapons Level 1  
  72  6:24  Marine x3  
  75  6:25  Refinery  
  75  6:26  Refinery  
  75  6:30  Supply Depot x2  
  75  6:34  Stimpack  
  75  6:42  Marine  
  75  6:43  Marauder x2  
  75  6:45  Armory  
  80  6:51  Starport Reactor  
  80  6:53  Supply Depot x2  
  80  6:57  Widow Mine  
  80  7:00  Marine  
  83  7:04  Marine, Marauder  
  75  7:18  Marine  
  75  7:21  Marine  
  76  7:25  Marine  
  76  7:35  Marine  
  75  7:39  Siege Tank, Marine  
  75  7:43  Marine  
  80  7:53  Marine  
  80  7:58  Marauder  
  81  8:01  Marauder  
  83  8:11  Marine  
  83  8:12  Widow Mine  
  86  8:19  Marauder  
  88  8:22  Marauder  
  88  8:25  Supply Depot  
  88  8:26  Supply Depot  
  90  8:29  Marine  
  90  8:30  Liberator  
  94  8:40  Marine  
  94  8:41  Terran Infantry Weapons Level 2  
  95  8:43  Marine  
  95  8:46  Engineering Bay  
  95  8:47  Marine  
  97  8:57  Command Center  
  97  8:58  Marine  
  97  9:01  Marine  
  99  9:03  Factory  
  99  9:04  Marine  
  99  9:08  Ghost Academy  
  100  9:16  Marauder  
  102  9:19  Marauder  
  102  9:22  Marine  
  92  9:37  Marauder  
  94  9:40  Marine  
  94  9:41  Marauder  
  97  9:48  Siege Tank  
  97  9:52  Factory Tech Lab  
  100  9:56  SCV x2  
  100  9:58  Marine x2  
  104  10:01  Refinery  
  104  10:02  Marauder  
  106  10:08  SCV  
  107  10:16  Marine, Marauder  
  107  10:20  Siege Tank  
  113  10:24  Marauder  
  115  10:30  Medivac  
  115  10:34  Marine  
  118  10:37  Marine  
  119  10:44  Marine  
  120  10:51  Marine  
  120  10:56  Marauder  
  123  11:03  Marauder  
  125  11:09  Marine  
  126  11:17  Marauder  
  128  11:20  Orbital Command  
  128  11:21  SCV x2  
  128  11:24  Marauder  
  132  11:29  Siege Tank  
  132  11:30  Medivac  
  132  11:31  Medivac  
  140  11:33  SCV x2  
  140  11:38  Marine  
  142  11:45  SCV x2  
  145  11:52  Barracks Reactor  
  145  11:54  Ghost  
  145  11:57  SCV x2  
  151  12:01  Siege Tank  
  151  12:02  Ghost  
  151  12:06  Refinery  
  155  12:09  SCV, Refinery  
  156  12:21  SCV  
  156  12:22  Ghost  
  157  12:29  SCV x2  
  162  12:31  Marine  
  162  12:33  SCV, Siege Tank  
  167  12:38  Marine x2  
  167  12:40  Viking x2  
  173  12:54  Supply Depot  
  173  12:55  Supply Depot, SCV x3, Marine x2  
  173  12:56  Supply Depot, Marine x2  
  173  12:58  Supply Depot  
  177  13:07  SCV  
  177  13:10  Viking  
  179  13:13  Marine x2  
  179  13:18  Supply Depot  
  181  13:20  Supply Depot  
Tags
 
Matchup
PvT
Replay Pack
December
Spawn Locations
Cross Positions
Add a new tag
Caveats
  • Supply blocks, unpowered buildings, or Contaminate may cause inaccurate times.
  • Supply counts are checked every 10 seconds.